 Dungeon Crawl Stone Soup version 0.16-a0-3540-gcd4db26 (webtiles) character file.

207 Pikaro the Insei (level 5, 0/29 HPs)
             Began as an Octopode Transmuter on Jan 9, 2015.
             Succumbed to a worker ant's poison
             ... on level 3 of the Dungeon.
             The game lasted 00:08:50 (5162 turns).

Pikaro the Insei (Octopode Transmuter)              Turns: 5162, Time: 00:08:50

Health: 0/29       AC:  1    Str:  9    XL:     5   Next: 85%
Magic:  9/9        EV: 12    Int: 18    God:
Gold:   122        SH:  0    Dex: 13    Spells: 1 memorised, 7 levels left

rFire  . . .     SeeInvis .       - Unarmed
rCold  . . .     Rnd*Rage +     (no shield)
rNeg   . . .     SustAb   .     (helmet restricted)
rPois  .         Gourm    .     (no amulet)
rElec  .         Spirit   .     (no ring)
rCorr  .         Warding  .     (no ring)
rMut   .         Stasis   .     (no ring)
MR     .....                    (no ring)
Stlth  ++........               (no ring)
                                (no ring)
                                (no ring)
                                (no ring)

@: lethally poisoned, appendage (expiring), not resistant to hostile
enchantments, unstealthy
A: almost no armour, amphibious, 8 rings, constrict 8, tentacle spike 3,
camouflage 1, berserk 1, clever 1, frail 1, gelatinous body 1
a: End Transformation


You were on level 3 of the Dungeon.
You were not hungry.
One of your tentacles had a temporary spike.
You visited 1 branch of the dungeon, and saw 3 of its levels.

You collected 122 gold pieces.

Inventory:

Missiles
 b - 26 arrows
 i - 18 poisoned arrows
 m - 15 poisoned needles
 p - 12 arrows of frost
Magical devices
 q - a wand of flame (13)
   (You found it on level 2 of the Dungeon)
 u - a wand of fire (4)
   (You found it on level 3 of the Dungeon)
Scrolls
 c - a scroll of remove curse {unknown}
 e - a scroll of enchant armour {unknown}
 f - 3 scrolls of immolation {!r}
 g - a scroll of teleportation {unknown}
 h - a scroll of fog {unknown}
 j - a scroll of enchant weapon {unknown}
 n - a scroll of recharging {unknown}
 r - a scroll of random uselessness {unknown}
 t - a scroll of fear {unknown}
Books
 d - a book of Changes
Comestibles
 a - 3 bread rations
 k - a chunk of flesh
 o - 2 meat rations


   Skills:
 - Level 1.0 Fighting
 - Level 2.0 Dodging
 + Level 6.3 Unarmed Combat
 - Level 2.0 Spellcasting
 - Level 2.0 Transmutations


You had 7 spell levels left.
You knew the following spells:

 Your Spells              Type           Power        Failure   Level  Hunger
a - Beastly Appendage     Trmt           #.....       10%         1    #......


Dungeon Overview and Level Annotations

Branches:
Dungeon (3/15)

Altars:
Ashenzari
Cheibriados
Xom

Annotations:
D:3 exclusions: Sigmund and orc priest, Sigmund; UristMcMason's ghost, average DEFE


Innate Abilities, Weirdness & Mutations

You cannot wear most types of armour.
You are amphibious.
You can wear up to eight rings at the same time.
You can use your tentacles to constrict many enemies at once.
Your skin changes colour to match your surroundings (Stealth).
Your rubbery body absorbs attacks (AC +1).
One of your tentacles bears a large vicious spike.
You tend to lose your temper in combat.
Your mind is acute. (Int +2)
You are frail (-10% HP).


Message History

You take 2 damage, and have 3/29 hp.
Spoiler Alert: The orc priest can smite you!
You tentacle-slap the orc priest but do no damage.
You constrict the orc priest, but do no damage.
You barely miss the orc priest. You constrict the orc priest.
The orc priest closely misses you.
You tentacle-slap the orc priest but do no damage.
You constrict the orc priest.
You kill the orc priest!
Your Unarmed Combat skill increases to level 6!
Things that are here:
a trident; a leather armour; an orc corpse You butcher the orc corpse.
k - 3 chunks of flesh
Things that are here:
a trident; a leather armour; an orc skeleton Eating one of 3 chunks of flesh.
You continue eating. x2
You start resting.
Eating one of 2 chunks of flesh.
You continue eating. x2
A worker ant comes into view.
You regained 7 hp, and now have 11/29 hp.
Spoiler Alert: The worker ant (wandering) is fast and can poison!
Total turns waited: 82 A worker ant is nearby!
Spoiler Alert: The worker ant (wandering) is fast and can poison!
Spoiler Alert: The worker ant (wandering) is fast and can poison!
Spoiler Alert: The worker ant (wandering) is fast and can poison!
Spoiler Alert: The worker ant (wandering) is fast and can poison!
You start resting.
You regained 2 hp, and now have 14/29 hp.
Spoiler Alert: The worker ant (wandering) is fast and can poison!
Total turns waited: 26 Spoiler Alert: The worker ant (wandering) is fast and can poison!
Spoiler Alert: The worker ant (wandering) is fast and can poison!
Spoiler Alert: The worker ant (wandering) is fast and can poison!
You start resting.
Spoiler Alert: The worker ant (wandering) is fast and can poison!
Total turns waited: 7 Spoiler Alert: The worker ant (wandering) is fast and can poison!
Spoiler Alert: The worker ant (wandering) is fast and can poison!
One of your tentacles grows a vicious spike.
The worker ant bites you!
* * * LOW HITPOINT WARNING * * *
You are lethally poisoned!
The worker ant poisons you!
You take 7 damage, and have 8/29 hp.
MASSIVE DAMAGE!!
You now have 8/9 mp.
Spoiler Alert: The worker ant is fast and can poison!
You aren't carrying any potions.
You tentacle-slap the worker ant but do no damage.
You grab the worker ant. You constrict the worker ant.
* * * LOW HITPOINT WARNING * * *
You feel sick.
The worker ant bites you but does no damage.
You take 1 damage, and have 7/29 hp.
Spoiler Alert: The worker ant is fast and can poison!
You tentacle-slap the worker ant. You squeeze the worker ant!
You constrict the worker ant.
* * * LOW HITPOINT WARNING * * *
You feel sick. The worker ant closely misses you.
You take 1 damage, and have 6/29 hp.
You bludgeon the worker ant!
You kill the worker ant!
* * * LOW HITPOINT WARNING * * *
You feel sick.
You take 1 damage, and have 5/29 hp.
You are alive.
You are lethally poisoned (5 -> -2).
One of your tentacles has a temporary spike.
You have 8 tentacles available for constriction.
Your movement speed is average.
Your attack speed is above average.
You are not resistant to hostile enchantments.
You feel unstealthy.
* * * LOW HITPOINT WARNING * * *
You feel sick.
You take 1 damage, and have 4/29 hp.
* * * LOW HITPOINT WARNING * * *
You feel sick.
You take 1 damage, and have 3/29 hp.
* * * LOW HITPOINT WARNING * * *
You feel sick.
You take 1 damage, and have 2/29 hp.
MP restored: 9 Your transformation is almost over.
* * * LOW HITPOINT WARNING * * *
You feel sick.
You are alive.
You are lethally poisoned (2 -> -2).
Expiring: One of your tentacles has a temporary spike.
You have 8 tentacles available for constriction.
Your movement speed is average.
Your attack speed is above average.
You are not resistant to hostile enchantments.
You feel unstealthy.
* * * LOW HITPOINT WARNING * * *
You feel sick.
You take 1 damage, and have 1/29 hp.
You die...

#.# . #.# #. #######.# #.
........# #. ######### #.# #. #.#
##.## #.###...######
###########.#.##..#....(..
#........@..#.##...<###.#.
#.###########.##.#### #.#. #.#
#.##.# ####[#. ######
#.###########.##.###...(.. .....#
#.##......a.....).......#.
####.###.##.########..........##o
###...##.##.# ###...>.a.....
............# #.##########
##....##..### #.#


There were no monsters in sight!

Vanquished Creatures
  2 orc priests (D:3)
  An orc wizard (D:3)
  A worker ant (D:3)
  2 adders (D:2)
  A giant mite (D:2)
  A worm (D:2)
  A giant gecko (D:2)
  An ooze (D:3)
  5 orcs (D:3)
  A ball python (D:1)
  7 bats
  3 giant cockroaches (D:1)
  6 hobgoblins
  2 jackals (D:1)
  9 kobolds
  4 giant newts
  9 goblins
  A jackal skeleton (D:3)
  10 rats
67 creatures vanquished.

Notes
Turn   | Place    | Note
--------------------------------------------------------------
     0 | D:1      | Pikaro, the Octopode Transmuter, began the quest for the Orb.
     0 | D:1      | Reached XP level 1. HP: 13/13 MP: 3/3
   205 | D:1      | Reached XP level 2. HP: 15/18 MP: 4/4
   629 | D:1      | Reached skill level 4 in Unarmed Combat
   777 | D:1      | Reached XP level 3. HP: 23/23 MP: 6/6
   783 | D:1      | You fall through a shaft!
   783 | D:2      | Found a shimmering altar of Xom.
   784 | D:2      | Found a snail-covered altar of Cheibriados.
   785 | D:2      | Found a shattered altar of Ashenzari.
  2567 | D:2      | Reached XP level 4. HP: 10/28 MP: 7/7
  3489 | D:2      | Reached skill level 5 in Unarmed Combat
  3729 | D:2      | Found a shattered altar of Ashenzari.
  3733 | D:2      | Found a shimmering altar of Xom.
  3733 | D:2      | Found a snail-covered altar of Cheibriados.
  4296 | D:3      | HP: 6/28 [orc priest/nerve-wracking pain (8)]
  4297 | D:3      | HP: 2/28 [orc priest/mace (8)]
  4313 | D:3      | Reached XP level 5. HP: 14/33 MP: 9/9
  4591 | D:3      | HP: 1/33 [orc priest/divine providence (14)]
  4592 | D:3      | Gained mutation: You tend to lose your temper in combat. [potion of mutation]
  4592 | D:3      | Gained mutation: You are frail (-10% HP). [potion of mutation]
  4592 | D:3      | Gained mutation: Your mind is acute. (Int +2) [potion of mutation]
  4600 | D:3      | HP: 1/29 [orc priest/nerve-wracking pain (1)]
  4929 | D:3      | Noticed UristMcMason's ghost (average DEFE)
  4981 | D:3      | Noticed Sigmund
  5004 | D:3      | HP: 5/29 [orc priest/divine providence (12)]
  5008 | D:3      | Reached skill level 6 in Unarmed Combat
  5146 | D:3      | HP: 7/29 [poisoned by a worker ant]
  5152 | D:3      | HP: 3/29 [poisoned by a worker ant]
  5158 | D:3      | HP: 1/29 [poisoned by a worker ant]
  5162 | D:3      | Succumbed to a worker ant's poison

Action                   |  1- 3 |  4- 6 || total
-------------------------+-------+-------++-------
Melee: Unarmed           |    94 |    71 ||   165
 Cast: Beastly Appendage |     1 |     2 ||     3
  Use: Potion            |       |     4 ||     4
       Scroll            |       |     1 ||     1
 Stab: Sleeping          |     2 |     2 ||     4
  Eat: Chunk             |     1 |     8 ||     9
       Bread ration      |     1 |       ||     1

Vault maps used:
D:1:      dpeg_arrival_tiny_f, lemuel_old_faithful
D:2:      mumra_celtic_spiral_tile, grunt_temple_overflow_open
D:3:      uniq_sigmund

Table legend:
 A = Turns spent in this place as a percentage of turns spent in the entire game.
 B = Non-inter-level travel turns spent in this place as a percentage of non-inter-level travel turns spent in the entire game.
 C = Inter-level travel turns spent in this place as a percentage of turns spent in this place.
 D = Turns resting spent in this place as a percentage of non-inter-level travel turns spent in this place.
 E = Turns spent auto-exploring this place as a percentage of non-inter-level travel turns spent in this place.
 F = Non-inter-level travel turns spent in this place divided by the number of levels of this place that you've seen.
                   A       B       C       D       E      F
               +-------+-------+-------+-------+-------+----------------------
         Total | 100.0 | 100.0 |   0.4 |   8.9 |  12.7 | 265.3
       Dungeon | 100.0 | 100.0 |   0.4 |   8.9 |  12.7 | 265.3
               +-------+-------+-------+-------+-------+----------------------

Table legend:
 A = Kills in this place as a percentage of kills in entire the game.
 B = Kills by you in this place as a percentage of kills by you in the entire game.
 C = Kills by friends in this place as a percentage of kills by friends in the entire game.
 D = Other kills in this place as a percentage of other kills in the entire game.
 E = Experience gained in this place as a percentage of experience gained in the entire game.
 F = Experience gained in this place divided by the number of levels of this place that you have seen.
                   A       B       C       D       E      F
               +-------+-------+-------+-------+-------+----------------------
         Total | 100.0 | 100.0 |  -nan |  -nan | 100.0 |  99.0
       Dungeon | 100.0 | 100.0 |  -nan |  -nan | 100.0 |  99.0
               +-------+-------+-------+-------+-------+----------------------
